 Dungeon Crawl Stone Soup version 0.25.1-1-g288607f5aa (webtiles) character file.

Game seed: 14879099584086784471

371 lepoulpe303 the Sneak (level 6, -10/30 HPs)
             Began as a Spriggan Venom Mage on July 23, 2020.
             Mangled by a mummy (17 damage)
             ... in an ossuary.
             The game lasted 00:15:59 (3419 turns).

lepoulpe303 the Sneak (Spriggan Venom Mage)         Turns: 3419, Time: 00:15:59

Health: -10/30     AC:  3    Str:  4    XL:     6   Next: 42%
Magic:  13/13      EV: 19    Int: 18    God:
Gold:   134        SH:  5    Dex: 17    Spells: 4/13 levels left

rFire    . . .     SeeInvis +   b - +3 dagger
rCold    . . .     Gourm    .   (shield restricted)
rNeg     . . .     Faith    .   h - +0 robe
rPois    .         Spirit   .   (helmet restricted)
rElec    .         Reflect  +   m - +0 cloak
rCorr    .         Harm     .   (gloves unavailable)
MR       +....                  (boots unavailable)
Stlth    +++.......             g - amulet of reflection
HPRegen  0.10/turn              (no ring)
MPRegen  0.13/turn              (no ring)

@: very quick
A: very small, unfitting armour, see invisible, herbivore, speed 3, slow
metabolism 2
a: no special abilities


You were in an ossuary.
You were not hungry.

You visited 1 branch of the dungeon, and saw 4 of its levels.
You also visited: Ossuary.

You collected 134 gold pieces.

Inventory:

Hand Weapons
 a - a +2 dagger of venom
 b - a +3 dagger (weapon)
Missiles
 j - 6 poisoned darts (quivered)
Armour
 h - a +0 robe (worn)
 m - a +0 cloak (worn)
Jewellery
 g - an amulet of reflection (around neck)
Wands
 f - a wand of polymorph (4)
 o - a wand of paralysis (6)
Scrolls
 c - a scroll of magic mapping {unknown}
 i - 2 scrolls of identify
 k - a scroll of amnesia
 l - a scroll of enchant weapon {unknown}
 t - 2 scrolls of teleportation
 w - 3 scrolls of remove curse
 B - a scroll of blinking {!r}
Potions
 d - a potion of ambrosia {unknown}
Comestibles
 e - 5 rations


   Skills:
 + Level 1.1 Fighting
 + Level 1.4 Short Blades
 + Level 3.9 Dodging
 + Level 4.6 Stealth
 * Level 4.3 Spellcasting
 * Level 3.9 Transmutations
 + Level 1.2 Air Magic
 * Level 4.2 Poison Magic


You had 4 spell levels left.
You knew the following spells:

 Your Spells              Type           Power        Failure   Level  Hunger
a - Sting                 Tmut/Pois      ###.         2%          1    None
b - Poisonous Vapours     Pois/Air       ##....       7%          2    ##.....
c - Ignite Poison         Fire/Tmut/Pois ##......     14%         3    ###....
x - Mephitic Cloud        Conj/Pois/Air  ##......     21%         3    ###....

Your spell library contained the following spells:

 Spells                   Type           Power        Failure   Level  Hunger
 Olgreb's Toxic Radiance  Pois           ###.....     24%         4    ####...


Dungeon Overview and Level Annotations

Branches:
Dungeon (4/15)            Ossuary (1/1)
 Temple: D:4-7

Altars:
Vehumet


Innate Abilities, Weirdness & Mutations

You are very small and have problems with some larger weapons.
You are too small for most types of armour.
You have supernaturally acute eyesight. (SInv)
You are a herbivore.
You cover ground extremely quickly.
You need to consume almost no food.


Message History

Okay, then.
There are monsters nearby!
Unknown command.
Aim: a mummy (lightly damaged, chance to defeat MR: 46%)
The mummy resists with some effort.
The adder zombie barely misses you. The hornet zombie misses you.
The mummy closely misses you.
The mummy resists with some effort.
The hornet zombie barely misses you.
The mummy resists with some effort.
The mummy misses you.
The mummy resists with some effort.
The mummy completely misses you. The bog mummy hits you!
* * * LOW HITPOINT WARNING * * *
You take 8 damage, and have 7/30 hp.
MASSIVE DAMAGE!!
You can't see that place.
You cannot see that place. (Key replay ran out of keys)
Okay, then.
The mummy resists with some effort.
The mummy hits you!
Ouch! That really hurt!
You die...

##...#???#
#∩..#
###.#####'#####
+Z......≈
###.#####'#
#.'.#...#
###Z#...#
#.'.#.Z.# #
###.##M##'##'##
+.ZZM@MZ.....
#'#Z#'#'#'#'#
#.#.#.# #
#######


You could see 2 mummies, a bog mummy, an adder zombie, a water moccasin zombie,
2 worker ant zombies and a hornet zombie.

Levels and vault maps discovered:
D:1:      dpeg_arrival_circle_labyrinth_c, layout_rooms,
          minmay_misc_feat_diagonals, minmay_tree_intersection,
          hangedman_decor_peaks_small
D:2:      layout_basic, uniq_crazy_yiuf_cottage
D:3:      layout_rooms, vehumet_crystals, kennysheep_generic_room_11
D:4:      layout_loops_ring, nicolae_ossuary_entry_monument, first_ration
Ossuary:  ossuary_zaba_flooded

Notes
Turn   | Place    | Note
-------+----------+-------------------------------------------
     0 | D:1      | lepoulpe303 the Spriggan Venom Mage began the quest for the
                  | Orb.
     0 | D:1      | Reached XP level 1. HP: 9/9 MP: 5/5
   344 | D:1      | Reached skill level 2 in Transmutations
   344 | D:1      | Reached XP level 2. HP: 13/13 MP: 4/6
   351 | D:1      | Learned a level 2 spell: Poisonous Vapours
   448 | D:1      | Reached skill level 3 in Spellcasting
   519 | D:1      | Identified a +0 short sword
   553 | D:1      | Identified a +0 whip
   581 | D:1      | Identified a +0 short sword
   583 | D:1      | Identified a +0 club
  1064 | D:2      | HP: 3/13 [worm (10)]
  1088 | D:2      | Reached XP level 3. HP: 5/16 MP: 6/8
  1090 | D:2      | HP: 4/16 [dart slug (1)]
  1489 | D:2      | Learned a level 3 spell: Ignite Poison
  1547 | D:2      | Identified a +0 club
  1670 | D:2      | Identified a +0 dagger
  1809 | D:2      | Reached XP level 4. HP: 21/21 MP: 6/10
  1933 | D:2      | Learned a level 3 spell: Mephitic Cloud
  2089 | D:2      | Identified a +0 club
  2191 | D:2      | Found a runed translucent door.
  2192 | D:2      | Identified a +4 quarterstaff of chaos
  2192 | D:2      | Identified a +0 cloak
  2192 | D:2      | Noticed Crazy Yiuf
  2212 | D:2      | Identified 3 scrolls of remove curse
  2213 | D:2      | Identified 2 scrolls of identify
  2213 | D:2      | Identified 2 potions of degeneration
  2242 | D:2      | Killed Crazy Yiuf
  2242 | D:2      | Reached skill level 3 in Transmutations
  2274 | D:3      | Identified a +0 club
  2337 | D:3      | Identified a +0 dagger
  2434 | D:3      | Identified a +0 flail
  2434 | D:3      | Identified a +0 chain mail
  2594 | D:3      | Identified a +3 dagger
  2603 | D:3      | Reached skill level 4 in Stealth
  2620 | D:3      | Identified an amulet of reflection (You found it on level 3
                  | of the Dungeon)
  2628 | D:3      | Found a radiant altar of Vehumet.
  2637 | D:3      | Identified a +0 whip
  2642 | D:3      | Reached XP level 5. HP: 25/25 MP: 8/11
  2647 | D:3      | lepoulpe303: !whichgod spvm
  2647 | D:3      | meem: 50 recent wins for spvm: 37x Ashenzari, 7x Gozag, 2x
                  | Dithmenos, Sif Muna, Fedhas, Vehumet, Okawaru
  2789 | D:3      | Identified a +0 hand axe
  2839 | D:3      | Identified a +0 trident
  2839 | D:3      | Identified a +0 hand axe
  2860 | D:3      | Reached skill level 1 in Short Blades
  2958 | D:4      | Identified 3 scrolls of teleportation
  2959 | D:4      | Identified 2 scrolls of blinking
  2960 | D:4      | Identified 2 scrolls of amnesia
  2985 | D:4      | Identified a +0 hand axe
  2986 | D:4      | Found a sand-covered staircase.
  2986 | D:4      | Identified a +0 dagger
  2986 | D:4      | Identified a +0 robe
  2992 | D:4      | Identified a +0 dagger
  2992 | D:4      | Identified a +0 robe
  2994 | D:4      | Reached skill level 1 in Air Magic
  2994 | D:4      | Identified a +0 dagger
  3013 | D:4      | HP: 6/25 [orc wizard/magic dart (5)]
  3014 | D:4      | Identified a +0 giant spiked club
  3014 | D:4      | Noticed an ogre
  3035 | D:4      | HP: 1/25 [orc wizard/magic dart (6)]
  3057 | D:4      | Killed an ogre
  3057 | D:4      | Reached skill level 1 in Fighting
  3057 | D:4      | Reached skill level 4 in Spellcasting
  3057 | D:4      | Reached skill level 4 in Poison Magic
  3057 | D:4      | Reached XP level 6. HP: 3/30 MP: 4/13
  3156 | D:4      | Identified a +2 dagger of venom
  3156 | D:4      | Identified a +0 scale mail
  3230 | Ossuary  | Entered an ossuary
  3357 | Ossuary  | Your ally bog died
  3418 | Ossuary  | HP: 7/30 [bog mummy (8)]
  3419 | Ossuary  | Mangled by a mummy

Table legend:
 A = Turns spent in this place as a percentage of turns spent in the entire game.
 B = Non-inter-level travel turns spent in this place as a percentage of non-inter-level travel turns spent in the entire game.
 C = Inter-level travel turns spent in this place as a percentage of turns spent in this place.
 D = Turns resting spent in this place as a percentage of non-inter-level travel turns spent in this place.
 E = Turns spent auto-exploring this place as a percentage of non-inter-level travel turns spent in this place.
 F = Non-inter-level travel turns spent in this place divided by the number of levels of this place that you've seen.
                   A       B       C       D       E      F
               +-------+-------+-------+-------+-------+----------------------
         Total | 100.0 | 100.0 |   2.6 |  31.2 |  34.4 | 665.8
       Dungeon |  94.5 |  94.3 |   2.8 |  29.3 |  36.4 | 785.0
       Ossuary |   5.5 |   5.7 |   0.0 |  61.4 |   0.0 | 189.0
               +-------+-------+-------+-------+-------+----------------------

Table legend:
 A = Kills in this place as a percentage of kills in entire the game.
 B = Kills by you in this place as a percentage of kills by you in the entire game.
 C = Kills by friends in this place as a percentage of kills by friends in the entire game.
 D = Other kills in this place as a percentage of other kills in the entire game.
 E = Experience gained in this place as a percentage of experience gained in the entire game.
 F = Experience gained in this place divided by the number of levels of this place that you have seen.
                   A       B       C       D       E      F
               +-------+-------+-------+-------+-------+----------------------
         Total | 100.0 | 100.0 |   N/A | 100.0 | 100.0 | 106.2
       Dungeon |  96.2 |  97.4 |   N/A |   0.0 |  91.5 | 121.5
       Ossuary |   3.8 |   2.6 |   N/A | 100.0 |   8.5 |  45.0
               +-------+-------+-------+-------+-------+----------------------

Skill      XL: |  1  2  3  4  5 |
---------------+----------------+-----
Transmutations | 2 3 |  3.9
Spellcasting   | 3 4 |  4.3
Stealth        | 4 |  4.6
Short Blades   | 1 |  1.4
Air Magic      | 1 |  1.2
Fighting       | 1 |  1.1
Poison Magic   | 4 |  4.2
Dodging        | |  3.9

Action                   |  1- 3 |  4- 6 || total
-------------------------+-------+-------++-------
Melee: Short sword       |    82 |    60 ||   142
       Unarmed           |     1 |       ||     1
       Dagger            |       |    38 ||    38
Throw: Dart              |     4 |    11 ||    15
 Cast: Sting             |    38 |    47 ||    85
Evoke: Wand              |       |     9 ||     9
  Use: Scroll            |       |     6 ||     6
 Stab: Sleeping          |     8 |     8 ||    16
       Paralysed         |       |     1 ||     1
Armor: Robe              |     8 |    12 ||    20
Dodge: Dodged            |    83 |   128 ||   211
Block: Other             |       |    12 ||    12
       Reflection        |       |     1 ||     1

Vanquished Creatures
  An ogre (D:4)
  A hound (D:4)
  Crazy Yiuf (D:2)
  A centaur skeleton (D:4)
  A mummy (Ossuary)
  An orc wizard (D:4)
  4 adders
  An adder zombie (Ossuary)
  An adder skeleton (D:2)
  7 worms
  4 dart slugs
  7 orcs
  3 giant cockroaches
  12 goblins
  2 hobgoblins
  4 jackals (D:1)
  2 quokkas
  9 bats
  2 frilled lizards
  7 kobolds
  6 rats
77 creatures vanquished.

Vanquished Creatures (others)
  A mummy (Ossuary)
1 creature vanquished.

Grand Total: 78 creatures vanquished
